 Dungeon Sprint DCSS version 0.31-a0-486-g8d68a81214 (webtiles) character file.

Game seed: 1758731117209753213

0 rocky1 the Stinger (level 1, 0/13 HPs)
             Began as a Demonspawn Venom Mage on Aug 8, 2023.
             Was an Initiate of Gozag.
             Hit by a boomerang thrown by an orc (5 damage)
             ... in the Dungeon (Sprint VI: "Thunderdome").
             The game lasted 00:00:30 (68 turns).

rocky1 the Stinger (Demonspawn Venom Mage)            Turns: 68, Time: 00:00:30

Health: 0/13       AC:  2    Str:  8    XL:     1   Next: 16%
Magic:  0/3        EV: 12    Int: 16    God:    Gozag
Gold:   236        SH:  0    Dex: 13    Spells: 3/4 levels left

rFire   . . .        (no weapon)
rCold   . . .        (no shield)
rNeg    . . .        a - +0 robe
rPois   .            (no helmet)
rElec   .            (no cloak)
rCorr   .            (no gloves)
SInv    .            (no boots)
Will    .....        (no amulet)
Stlth   ++           (no ring)
HPRegen 0.22/turn    (no ring)
MPRegen 0.08/turn

%: no teleportation
@: no status effects
A: no striking features
a: Renounce Religion, Potion Petition, Call Merchant, Bribe Branch


You were in the Dungeon.
You worshipped Gozag.
Gozag was aware of your devotion.
You visited 1 branch You collected 236 gold pieces.

Inventory:

Armour
 a - a +0 robe (worn)
Wands
 i - a wand of quicksilver (5)
 j - a wand of roots (5)
Scrolls
 g - 4 scrolls of blinking
 k - 3 scrolls of fog
Potions
 b - 3 potions of magic
 c - a potion of curing
 d - 4 potions of heal wounds
 e - 4 potions of haste
 f - a potion of berserk rage
 h - a potion of resistance


   Skills:
 + Level 1.8 Dodging
 + Level 1.8 Stealth
 + Level 2.1 Spellcasting
 + Level 0.9 Transmutations
 + Level 3.4 Poison Magic


You had 3 spell levels left.
You knew the following spells:

 Your Spells              Type           Power      Damage    Failure   Level
a - Sting                 Tmut/Pois      32%        1d4       9%          1

Your spell library contained the following spells:

 Spells                   Type           Power      Damage    Failure   Level
 Poisonous Vapours        Pois/Air       14%        N/A       16%         2
 Mephitic Cloud           Conj/Pois/Air  5%         N/A       36%         3
 Olgreb's Toxic Radiance  Pois           12%        N/A       45%         4


Dungeon Overview and Level Annotations

Branches:
Dungeon (1/1)

Altars:
Gozag
Makhleb
Qazlal
Ru
Trog
Vehumet
Lugonu

Shops:
D *[=?*


Message History

Confirm with . or Enter, or press ? or * to list all spells.
Aiming: Sting (safe; 9% risk of failure)
Press: ? - help, Shift-Dir - straight line, f - rat
Aim: a rat (wandering, hasn't noticed you, 68% to hit)
The sting hits the rat.
The rat is poisoned.
You kill the rat!
Unknown command.
A hobgoblin comes into view.
The hobgoblin shouts!
You see here 63 gold pieces.
Found Doefug's Premium Goods.
Casting: Sting (safe; 9% risk of failure)
Confirm with . or Enter, or press ? or * to list all spells.
Aiming: Sting (safe; 9% risk of failure)
Press: ? - help, Shift-Dir - straight line, f - hobgoblin
Aim: a hobgoblin (68% to hit)
The sting misses the hobgoblin.
Unknown command.
Casting: Sting (safe; 9% risk of failure)
Confirm with . or Enter, or press ? or * to list all spells.
Aiming: Sting (safe; 9% risk of failure)
Press: ? - help, Shift-Dir - straight line, f/p - hobgoblin
Aim: a hobgoblin (68% to hit)
The sting misses the hobgoblin.
You hit the hobgoblin but do no damage. The hobgoblin hits you.
You hit the hobgoblin but do no damage. The hobgoblin hits you.
You closely miss the hobgoblin. The hobgoblin hits you.
You hit the hobgoblin but do no damage. The hobgoblin hits you.
You barely miss the hobgoblin.
The hobgoblin hits you but does no damage.
An orc comes into view. It is wielding a +0 dagger.
Casting: Sting (safe; 9% risk of failure)
Confirm with . or Enter, or press ? or * to list all spells.
Aiming: Sting (safe; 9% risk of failure)
Press: ? - help, Shift-Dir - straight line, f/p - hobgoblin
Aim: a hobgoblin (68% to hit)
The sting hits the hobgoblin but does no damage.
The hobgoblin is poisoned.
The orc throws a boomerang.
The boomerang hits you.
You die...
Your body crumbles into a pile of gold.

#_.......
###.........###
#⌠...o... ..⌠#
######.8..... ..8.#
##∩___......# .....
###∩........8.# .8...
##.............###.....
#⌠..........###...#
#⌠.........@# #.<.#
#⌠.........g###...#
#.............###...
###∩........8.# .8...
##∩___$.....# .....
######.8.........8.#
#⌠........ ..⌠#
###....... .### _......


You could see an orc and a hobgoblin (poisoned).

Vanquished Creatures
  2 rats (D)
2 creatures vanquished.

Notes
Turn   | Place    | Note
-------+----------+-------------------------------------------
     0 | D        | rocky1 the Demonspawn Venom Mage began the quest for the
                  | Orb.
     0 | D        | Reached XP level 1. HP: 13/13 MP: 3/3
     3 | D        | Found a bloodstained altar of Trog.
     4 | D        | Found a stormy altar of Qazlal.
     5 | D        | Found a radiant altar of Vehumet.
     5 | D        | Found a sacrificial altar of Ru.
     5 | D        | Round 1.
     6 | D        | Found Yxka's Timeless Talismans.
     6 | D        | Found an opulent altar of Gozag.
     6 | D        | Found a burning altar of Makhleb.
     6 | D        | Found Goefu's Identification Station.
     7 | D        | Found Kiuk's Jewellery.
     7 | D        | Found Vagivviucle's Advanced Armour.
    14 | D        | Became a worshipper of Gozag Ym Sagoz the Greedy
    51 | D        | Found a corrupted altar of Lugonu.
    56 | D        | Found Doefug's Premium Goods.
    68 | D        | Hit by a boomerang thrown by an orc

Illustrated notes

Levels and vault maps discovered:
D:        arena_sprint

Action                     || total
---------------------------++-------
  Melee: Unarmed           ||     6
   Cast: Sting             ||     7
 Armour: Robe              ||     1
  Dodge: Dodged            ||     2

Table legend: (Time is in decaauts)
 A = Elapsed time spent in this place.
 B = Non-inter-level travel time spent in this place.
 C = Inter-level travel time spent in this place.
 D = Time resting spent in this place.
 E = Time spent auto-exploring this place.
 F = Levels seen in this place.
 G = Mean time per level.
                   A        B        C        D        E       F      G
               +--------+--------+--------+--------+--------+-----+--------+
         Total |     68 |     68 |      0 |     30 |      0 |   1 |   68.0 |
       Dungeon |     68 |     68 |      0 |     30 |      0 |   1 |   68.0 |
               +--------+--------+--------+--------+--------+-----+--------+

Top non-repeatable levels by time:
       D: 68 daAuts
